AoeStats
← CYE RUD3 BO1

Nomad

509341855Analyzed
2v2 RM · 5d ago on Sep 26, 2026· 44m 44s· 4 players
Game mode
Random Map
Map size
176×176
Population
200
Speed
Normal
Resources
Standard
Victory
Conquest
Starting age
Dark Age
Ending age
Imperial Age
RankedLock teamsTeams togetherTeam positionsShared explorationLock speedFull tech treeHidden civsTurbo modeCheats
Victory
Defeat
🇭🇷 Vikings · Croatia
889
+13
🇺🇸 Aztecs · United States
813
+15
🇬🇧 Romans · United Kingdom
810
-14
🇬🇧 Spanish · United Kingdom
810
-14
CYE RUD3 BO1
14:58 Feudal Age
16:31 Loom
19:56 Castle Age
18:16 Stone Mining
20:02 Double-Bit Axe
20:12 Horse Collar
23:51 Bow Saw
25:59 Fletching
26:11 Padded Archer Armor
30:20 Wheelbarrow
29:32 Town Watch
30:09 Heavy Plow
32:07 Bodkin Arrow
40:20 Bloodlines
40:10 Husbandry
42:40 Scale Barding Armor
42:52 Leather Archer Armor
44:02 Chain Barding Armor
43:53 Forging
Hugh Janas93
15:25 Feudal Age
18:23 Wheelbarrow
20:19 Forging
19:31 Man-at-Arms
23:40 Scale Mail Armor
26:35 Gold Mining
33:13 Castle Age
34:55 Long Swordsman
36:12 Pikeman
kinchman
5:00 Loom
6:14 Loom
14:57 Feudal Age
15:43 Double-Bit Axe
17:44 Man-at-Arms
24:08 Castle Age
23:21 Scale Mail Armor
23:12 Fletching
23:23 Padded Archer Armor
23:58 Forging
25:49 Squires
25:35 Gambesons
26:45 Elite Skirmisher
30:55 Pikeman
33:44 Town Watch
34:35 Wheelbarrow
34:09 Bodkin Arrow
36:01 Eagle Warrior
41:39 Imperial Age
41:27 Murder Holes
Russian version of Elon
14:45 Feudal Age
16:47 Double-Bit Axe
16:48 Horse Collar
19:14 Castle Age
18:37 Fishing Lines
20:19 Bow Saw
22:07 Gold Mining
27:14 Scale Mail Armor
28:57 Scale Barding Armor
29:05 Forging
29:15 Gillnets
31:53 Iron Casting
33:10 Chain Barding Armor
32:51 Town Watch
32:51 Loom
33:31 Squires
38:08 Imperial Age
35:39 Town Patrol
38:12 Capped Ram
39:16 Elite Varangian Guard
39:48 Elite Skirmisher
43:31 Padded Archer Armor
43:21 Fletching
44:31 Blast Furnace
43:47 Chain Mail Armor
43:46 Elite Berserk
Connection lost

Rejoining the realm…

Still unreachable

The connection could not be restored.

Session expired

The server has moved on; the page needs a fresh start.